 Dungeon Crawl Stone Soup version 0.27.1-34-g3ba077fa99 (webtiles) character file.

Game seed: 10622602404611308475

49 belegose the Firebug (level 3, 0/28 HPs)
             Began as a Demigod Fire Elementalist on Jan 5, 2022.
             Slain by a scorpion (2 damage)
             ... on level 2 of the Dungeon.
             The game lasted 00:05:44 (1858 turns).

belegose the Firebug (Demigod Fire Elementalist)    Turns: 1858, Time: 00:05:44

Health: 0/28       AC:  2    Str: 13    XL:     3   Next: 33%
Magic:  6/9        EV: 12    Int: 17    God:
Gold:   23         SH:  0    Dex: 14    Spells: 5/6 levels left

rFire    . . .     SeeInvis .   h - +1 dagger (drain)
rCold    . . .     Faith    .   (no shield)
rNeg     . . .     Spirit   .   a - +0 robe
rPois    .         Reflect  .   (no helmet)
rElec    .         Harm     .   (no cloak)
rCorr    .         Rampage  .   (no gloves)
Will     .....                  (no boots)
Stlth    ++........             (no amulet)
HPRegen  0.09/turn              (no ring)
MPRegen  0.11/turn              (no ring)

@: lethally poisoned (0 -> -7), very slightly contaminated
A: high mp 1, forlorn
a: no special abilities


You were on level 2 of the Dungeon.
You visited 1 branch of the dungeon, and saw 2 of its levels.

You collected 23 gold pieces.

Inventory:

Hand Weapons
 h - a +1 dagger of draining (weapon)
Missiles
 d - 34 stones
Armour
 a - a +0 robe (worn)
Scrolls
 b - a scroll of enchant armour {unknown}
 c - a scroll of teleportation {unknown}
 j - a scroll of identify {unknown}
Potions
 e - a potion of curing {unknown}
 f - a potion of attraction {unknown}
 g - a potion of magic {unknown}
 i - a potion of brilliance {unknown}


   Skills:
 + Level 1.2 Fighting
 - Level 1.7 Dodging
 - Level 1.7 Stealth
 + Level 2.2 Spellcasting
 + Level 1.7 Conjurations
 + Level 3.1 Fire Magic


You had 5 spell levels left.
You knew the following spells:

 Your Spells              Type           Power      Damage    Failure   Level
a - Foxfire               Conj/Fire      40%        2x1d6     7%          1

Your spell library contained the following spells:

 Spells                   Type           Power      Damage    Failure   Level
 Conjure Flame            Conj/Fire      10%        6-21      22%         3
 Inner Flame              Hex/Fire       7%         N/A       30%         3
 Sticky Flame             Conj/Fire      10%        2d3       56%         4
 Fireball                 Conj/Fire      5%         3d5       89%         5


Dungeon Overview and Level Annotations

Branches:
Dungeon (2/15)


Innate Abilities, Weirdness & Mutations

Your attributes grow dramatically as you level up.
You have an increased reservoir of magic. (+10% MP)
You shall have no god before yourself.


Message History

You start resting.
HP restored.
You start resting.
Magic restored.
There is an escape hatch in the ceiling here.
Found a spear.
A scorpion comes into view.
The helpless scorpion fails to defend itself.
You puncture the scorpion!
The scorpion is heavily wounded.
The scorpion completely misses you. The scorpion stings you!
Casting: Foxfire (safe; 7% risk of failure)
Confirm with . or Enter, or press ? or * to list all spells.
You conjure some foxfire!
The scorpion stings you.
The foxfire hits the scorpion.
The scorpion is heavily wounded.
The foxfire hits the scorpion but does no damage.
The scorpion is heavily wounded.
Casting: Foxfire (safe; 7% risk of failure)
Confirm with . or Enter, or press ? or * to list all spells.
You miscast Foxfire.
You are very lightly contaminated with residual magic.
Nothing appears to happen.
The scorpion stings you.
You are poisoned.
The scorpion poisons you!
Casting: Foxfire (safe; 7% risk of failure)
Confirm with . or Enter, or press ? or * to list all spells.
You conjure some foxfire!
You feel very sick. The scorpion stings you!
* * * LOW HITPOINT WARNING * * *
* * * LOW HITPOINT WARNING * * *
You feel sick.
The foxfire hits the scorpion but does no damage.
The scorpion is heavily wounded.
The foxfire hits the scorpion but does no damage.
The scorpion is heavily wounded.
The scorpion stings you.
You die...

###### ......#######
#....... #.......#
#....... #..####.#
#.......
.#####.s####.#####..w....
.'.)..§§@................
.######...##.###.##.....#
#..<....##.# #.##.g...#
#.###...##.###.##.....#
#.# #.......##.###'##..
#.# #.#.###....)...#
#.###.......##.###.#
#........##.##§# #.#
######.#.##.##.# #.#


You could see a scorpion.

Vanquished Creatures
  A worm (D:2)
  4 dart slugs
  4 ball pythons (D:1)
  3 endoplasms (D:1)
  3 giant cockroaches
  3 goblins
  5 hobgoblins
  5 kobolds
  3 bats
  3 frilled lizards (D:1)
  3 rats (D:1)
37 creatures vanquished.

Vanquished Creatures (others)
  77 foxfires
77 creatures vanquished.

Grand Total: 114 creatures vanquished

Notes
Turn   | Place    | Note
-------+----------+-------------------------------------------
     0 | D:1      | belegose the Demigod Fire Elementalist began the quest for
                  | the Orb.
     0 | D:1      | Reached XP level 1. HP: 14/14 MP: 5/5
   159 | D:1      | Reached skill level 1 in Conjurations
   403 | D:1      | Reached XP level 2. HP: 22/22 MP: 4/7
  1025 | D:1      | Reached skill level 3 in Fire Magic
  1093 | D:1      | Reached skill level 1 in Fighting
  1564 | D:2      | Reached XP level 3. HP: 28/28 MP: 4/8
  1850 | D:2      | Noticed a scorpion
  1858 | D:2      | Slain by a scorpion

Illustrated notes

Levels and vault maps discovered:
D:1:      erik_arrival_cave_to_civilisation [erik_arrival_cave_to_hall],
          layout_loops_ring, minmay_misc_feat_rugged
D:2:      layout_basic, basic_altar, minmay_unequal, uniq_crazy_yiuf_cottage

Skill      XL: |  1  2 |
---------------+-------+-----
Conjurations   | 1 |  1.7
Spellcasting   | 2 |  2.2
Fire Magic     | 3 |  3.1
Fighting       | 1 |  1.2
Dodging        | |  1.7
Stealth        | |  1.7

Action                   || total
-------------------------++-------
Melee: Club              ||     6
       Dagger            ||    35
 Cast: Foxfire           ||    46
 Stab: Sleeping          ||     4
Armor: Robe              ||     9
Dodge: Dodged            ||    44
